 Dungeon Crawl Stone Soup version 0.27-a0-1188-g73eefd5def (webtiles) character file.

Game seed: 2835141120939418129

7 DasRunzen the Slasher (level 1, 0/17 HPs)
             Began as a Demigod Gladiator on May 21, 2021.
             Slain by a kobold
             ... wielding a +0 dagger
              (3 damage)
             ... on level 1 of the Dungeon.
             The game lasted 00:01:18 (245 turns).

DasRunzen the Slasher (Demigod Gladiator)            Turns: 245, Time: 00:01:19

Health: 0/17       AC:  4    Str: 15    XL:     1   Next: 73%
Magic:  3/3        EV: 12    Int: 10    God:
Gold:   14         SH:  0    Dex: 15    Spells: 0/0 levels left

rFire    . . .     SeeInvis .   a - +0 long sword
rCold    . . .     Faith    .   (no shield)
rNeg     . . .     Spirit   .   b - +0 leather armour
rPois    .         Reflect  .   c - +0 helmet
rElec    .         Harm     .   (no cloak)
rCorr    .         Rampage  .   (no gloves)
Will     .....                  (no boots)
Stlth    +.........             (no amulet)
HPRegen  0.05/turn              (no ring)
MPRegen  0.08/turn              (no ring)

@: no status effects
A: high mp 1, forlorn
a: no special abilities


You were on level 1 of the Dungeon.
You visited 1 branch of the dungeon, and saw 1 of its levels.

You collected 14 gold pieces.

Inventory:

Hand Weapons
 a - a +0 long sword (weapon)
Missiles
 d - 3 throwing nets (quivered)
Armour
 b - a +0 leather armour (worn)
 c - a +0 helmet (worn)
Scrolls
 e - a scroll of blinking {unknown}
 f - a scroll of noise {unknown}
 g - a scroll of magic mapping {unknown}
Potions
 h - a potion of flight {unknown}


   Skills:
 + Level 1.9 Fighting
 + Level 2.8 Long Blades
 - Level 1.7 Throwing
 + Level 0.3 Armour
 + Level 2.8 Dodging
 + Level 0.3 Spellcasting


You couldn't memorise any spells.
You didn't know any spells.
Your spell library was empty.

Dungeon Overview and Level Annotations

Branches:
Dungeon (1/15)


Innate Abilities, Weirdness & Mutations

Your attributes grow dramatically as you level up.
You have an increased reservoir of magic. (+10% MP)
You shall have no god before yourself.


Message History

The goblin blinks!
The kobold blinks!
The hobgoblin blinks!
The goblin blinks! x2
You blink.
The hobgoblin enters a dispersal trap!
The endoplasm blinks! x2; You blink.
The hobgoblin blinks!
The hobgoblin barely misses you.
You closely miss the hobgoblin.
The hobgoblin is lightly wounded.
The hobgoblin closely misses you.
You riposte.
You hit the hobgoblin.
The hobgoblin is moderately wounded.
You barely miss the hobgoblin.
The hobgoblin is moderately wounded.
The hobgoblin closely misses you.
You riposte.
You hit the hobgoblin.
The hobgoblin is heavily wounded.
You barely miss the hobgoblin.
The hobgoblin is heavily wounded.
The hobgoblin closely misses you.
You barely miss the hobgoblin.
The hobgoblin is heavily wounded.
The hobgoblin barely misses you. The hobgoblin closely misses you.
You hit the hobgoblin.
The hobgoblin is severely wounded.
The hobgoblin closely misses you.
You barely miss the hobgoblin.
The hobgoblin is severely wounded.
The hobgoblin hits you.
* * * LOW HITPOINT WARNING * * *
You barely miss the hobgoblin.
The hobgoblin is severely wounded.
The hobgoblin closely misses you.
You riposte.
You hit the hobgoblin.
You kill the hobgoblin!
You hit the kobold but do no damage. The kobold closely misses you. x2
You closely miss the kobold. The kobold hits you with a +0 dagger.
* * * LOW HITPOINT WARNING * * *
You closely miss the kobold. The kobold hits you but does no damage.
Found a scale mail.
Found 31 gold pieces.
You see here 13 gold pieces.
You see here 18 gold pieces.
The kobold hits you with a +0 dagger.
You die...

....#.# #..#$#.# #.# #.#
....#.######..#.#.#####.###.#.#
#.#.#.........#.#...........#.#
#.#.#..######.#.#.#####.#####.#
#.#.#......##.#.#.....#.......###
#'#.#...##.##.#.#.....######.....
....#......##.#g#.....##.........
....##..#####†#K#.....##.###.....
......^.§..J..#.@.....+ #....)
...##..........##.....# #.....
...............+.(....# #.....
...##..........###....# #.....
...##..........# ##### #.....
#####..§.......# #...._
#.......J..# ###### #..........#
#..........#


You could see a goblin and a kobold.

Vanquished Creatures
  A giant cockroach (D:1)
  3 hobgoblins (D:1)
  A kobold (D:1)
  A rat (D:1)
6 creatures vanquished.

Notes
Turn   | Place    | Note
-------+----------+-------------------------------------------
     0 | D:1      | DasRunzen the Demigod Gladiator began the quest for the
                  | Orb.
     0 | D:1      | Reached XP level 1. HP: 17/17 MP: 3/3
   245 | D:1      | Slain by a kobold

Illustrated notes

Levels and vault maps discovered:
D:1:      onia_arrival_mini_spirals, layout_basic, basic_ecumenical_altar,
          minmay_misc_feat_x, hangedman_decor_push

Action                   || total
-------------------------++-------
Melee: Long sword        ||    22
Armor: Leather armour    ||     6
Dodge: Dodged            ||    16
       Rpst.: Long sword ||     6

Table legend: (Time is in decaauts)
 A = Elapsed time spent in this place.
 B = Non-inter-level travel time spent in this place.
 C = Inter-level travel time spent in this place.
 D = Time resting spent in this place.
 E = Time spent auto-exploring this place.
 F = Levels seen in this place.
 G = Mean time per level.
                   A        B        C        D        E       F      G
               +--------+--------+--------+--------+--------+-----+--------+
         Total |    250 |    250 |      0 |      0 |    132 |   1 |  250.0 |
       Dungeon |    250 |    250 |      0 |      0 |    132 |   1 |  250.0 |
               +--------+--------+--------+--------+--------+-----+--------+

Top non-repeatable levels by time:
     D:1: 250 daAuts
